 Dungeon Crawl Stone Soup version 0.29-a0-369-gd956c00756 (webtiles) character file.

Game seed: 8115008101186951151

98 ryw the Insei (level 4, 0/36 HPs)
             Began as a Demonspawn Monk on May 2, 2022.
             Killed by divine providence
             ... invoked by an orc priest
              (11 damage)
             ... on level 3 of the Dungeon.
             The game lasted 00:07:16 (3818 turns).

ryw the Insei (Demonspawn Monk)                     Turns: 3818, Time: 00:07:17

Health: 0/36       AC:  9    Str: 11    XL:     4   Next: 44%
Magic:  4/4        EV: 11    Int: 12    God:
Gold:   175        SH:  0    Dex: 17    Spells: 3/3 levels left

rFire   . . .      SeeInvis .     - Unarmed
rCold   . . .      Faith    .   (no shield)
rNeg    . . .      Spirit   .   l - +0 ring mail
rPois   .          Reflect  .   m - +0 helmet
rElec   .          Harm     .   (no cloak)
rCorr   .          Rampage  .   (no gloves)
Will    .....                   c - +0 pair of boots
Stlth   +.........              (no amulet)
HPRegen 0.12/turn               (no ring)
MPRegen 0.09/turn               (no ring)

@: no status effects
A: claws 1, molten scales 1
a: no special abilities


You were on level 3 of the Dungeon.
You visited 1 branch of the dungeon, and saw 3 of its levels.

You collected 175 gold pieces.

Inventory:

Hand Weapons
 b - a +0 hunting sling
 t - the +6 falchion of Ryd Peff {drain, Int+3}
   (You found it on level 3 of the Dungeon)

   A truly terrible weapon, it drains the life of any living foe it strikes.
   Int:       It affects your intelligence (+3).
Missiles
 e - 144 stones (quivered)
 k - 3 poisoned darts
 o - 6 curare-tipped darts
 u - 6 javelins
Armour
 a - a +0 robe
 c - a +0 pair of boots (worn)
 l - a +0 ring mail (worn)
 m - a +0 helmet (worn)
Wands
 i - a wand of flame (26)
Scrolls
 d - a scroll of magic mapping {unknown}
 g - 3 scrolls of identify {unknown}
 n - a scroll of noise {unknown}
 q - a scroll of fear {unknown}
 r - a scroll of fog {unknown}
 w - a scroll of enchant armour {unknown}
Potions
 f - a potion of ambrosia
 h - a potion of curing {unknown}
 j - 2 potions of heal wounds {unknown}
 p - 2 potions of magic {unknown}
 s - a potion of brilliance {unknown}
 v - a potion of degeneration {unknown}
 x - a potion of lignification {unknown}


   Skills:
 - Level 3.6 Fighting
 - Level 1.0 Slings
 + Level 3.1 Dodging
 - Level 1.7 Stealth
 * Level 3.9 Unarmed Combat


You had 3 spell levels left.
You didn't know any spells.
Your spell library contained the following spells:

 Spells                   Type           Power      Damage    Failure   Level
 Gell's Gravitas          Tloc           0%         N/A       94%         3
 Lesser Beckoning         Tloc           0%         N/A       94%         3
 Teleport Other           Tloc           0%         N/A       94%         3


Dungeon Overview and Level Annotations

Branches:
Dungeon (3/15)

Altars:
Ru
Sif Muna
Trog
Zin


Innate Abilities, Weirdness & Mutations

You have sharp fingernails.
You are partially covered in molten scales. (AC +2)


Message History

The orc priest calls down the wrath of Beogh upon you.
Pain shoots through your body!
You scratch the orc priest but do no damage.
The orc priest looks satisfied for a moment.
You scratch the orc priest but do no damage.
The orc priest closely misses you.
You closely miss the orc priest.
The orc priest calls down the wrath of Beogh upon you.
Beogh smites you!
* * * LOW HITPOINT WARNING * * *
Unknown command.
You scratch the orc priest.
The orc priest is lightly wounded.
The orc priest hits you but does no damage.
You scratch the orc priest.
The orc priest is moderately wounded.
You barely miss the orc priest.
The orc priest is moderately wounded.
The orc priest hits you but does no damage.
You scratch the orc priest.
The orc priest is heavily wounded.
The orc priest barely misses you.
You barely miss the orc priest.
You claw the orc priest, but do no damage.
The orc priest is heavily wounded.
The orc priest looks satisfied for a moment.
You scratch the orc priest but do no damage.
The orc priest is heavily wounded.
The orc priest hits you but does no damage.
You scratch the orc priest but do no damage.
The orc priest is heavily wounded.
The orc priest closely misses you.
You scratch the orc priest.
The orc priest is heavily wounded.
The orc priest misses you.
You scratch the orc priest.
The orc priest is severely wounded.
The orc priest invokes the aid of Beogh against you.
Beogh smites you!
You die...

#.# #.# #.#..#.# #.#
#.####.#..#.# #†#
#.........#.# #.#
######......# ##.##
##...### ## #)..##
##.....## #. #...<##
##.......## #.
#.....####.........###.
#.....@o.'.........'...
#.#...####.........##.#
#.##.## ##.......###..
#.#### ##.....## #.#
#.# ##...## #.. #.#
##+## ### #.#### #.# #
#....# #.# ####.# ##.##


You could see an orc priest.

Vanquished Creatures
  An adder (D:3)
  5 worms (D:3)
  A dart slug (D:1)
  2 orcs (D:2)
  9 endoplasms
  4 giant cockroaches
  8 goblins
  2 hobgoblins
  5 jackals (D:3)
  5 kobolds
  2 quokkas
  7 ball pythons
  7 bats
  A frilled lizard (D:3)
  7 rats
66 creatures vanquished.

Notes
Turn   | Place    | Note
-------+----------+-------------------------------------------
     0 | D:1      | ryw the Demonspawn Monk began the quest for the Orb.
     0 | D:1      | Reached XP level 1. HP: 18/18 MP: 1/1
   215 | D:1      | Gained mutation: You have sharp fingernails. [demonic
                  | ancestry]
   215 | D:1      | Reached XP level 2. HP: 18/24 MP: 2/2
  1244 | D:2      | Reached XP level 3. HP: 29/29 MP: 3/3
  2023 | D:2      | Found a sacrificial altar of Ru.
  2335 | D:3      | Noticed a moth of wrath
  2339 | D:3      | Found a bloodstained altar of Trog.
  2607 | D:3      | Gained mutation: You are partially covered in molten
                  | scales. (AC +2) [demonic ancestry]
  2607 | D:3      | Reached XP level 4. HP: 17/36 MP: 4/4
  2824 | D:3      | Identified the +6 falchion of Ryd Peff {drain, Int+3}
  2993 | D:3      | Found a shimmering blue altar of Sif Muna.
  3177 | D:3      | Reached skill level 1 in Slings
  3818 | D:3      | Killed from afar by an orc priest

Illustrated notes

Levels and vault maps discovered:
D:1:      psy_arrival_heroes, layout_loops_corners, minmay_tetromino_s4
D:2:      layout_loops_ring, basic_altar, mrwooster_statue_mirror,
          bh_walls_and_bars
D:3:      layout_loops_corners, zin_treasury, tgw_trog,
          mainiacjoe_overflow_alcove_4, serial_glass, glass_columns_a,
          glass_columns_a, amcnicky_mini_rare_corridor_liquid,
          kennysheep_generic_room_15

Skill      XL: |  1  2  3  4 |
---------------+-------------+-----
Unarmed Combat | 3 |  3.9
Dodging        | 3 |  3.1
Slings         | 1 |  1.0
Fighting       | |  3.6
Stealth        | |  1.7

Action                   |  1- 3 |  4- 6 || total
-------------------------+-------+-------++-------
Melee: Unarmed           |    76 |    56 ||   132
       Punch             |     3 |     4 ||     7
 Fire: Hunting sling     |    69 |    39 ||   108
  Use: Scroll            |     2 |       ||     2
 Stab: Sleeping          |     8 |       ||     8
Armor: Robe              |    19 |       ||    19
       Ring mail         |    16 |    24 ||    40
Dodge: Dodged            |    58 |    37 ||    95

Table legend: (Time is in decaauts)
 A = Elapsed time spent in this place.
 B = Non-inter-level travel time spent in this place.
 C = Inter-level travel time spent in this place.
 D = Time resting spent in this place.
 E = Time spent auto-exploring this place.
 F = Levels seen in this place.
 G = Mean time per level.
                   A        B        C        D        E       F      G
               +--------+--------+--------+--------+--------+-----+--------+
         Total |   3860 |   3786 |     74 |    446 |   2549 |   3 | 1286.7 |
       Dungeon |   3860 |   3786 |     74 |    446 |   2549 |   3 | 1286.7 |
               +--------+--------+--------+--------+--------+-----+--------+

Top non-repeatable levels by time:
     D:3: 1589 daAuts
     D:1: 1223 daAuts
     D:2: 1047 daAuts
